 Seeded DCSS version 0.30.1-4-g462c640d31 (webtiles) character file.

Game seed: 6351066067085065685 (custom seed)

231 Esekla the Magician (level 5, -1/28 HPs)
             Began as a Deep Elf Wanderer on Sept 17, 2023.
             Was a Follower of Vehumet.
             Slain by a black bear (5 damage)
             ... on level 2 of the Dungeon.
             The game lasted 00:25:04 (3438 turns).

Esekla the Magician (Deep Elf Wanderer)             Turns: 3438, Time: 00:25:04

Health: -1/28      AC:  4    Str: 11    XL:     5   Next: 73%
Magic:  9/16       EV: 11    Int: 20    God:    Vehumet [*.....]
Gold:   215        SH:  3    Dex: 11    Spells: 7/17 levels left

rFire   . . .        a - +2 dagger (vamp)
rCold   . . .        d - +0 buckler
rNeg    . . .        c - +0 robe
rPois   .            m - +0 helmet
rElec   .            (no cloak)
rCorr   .            l - +0 pair of gloves
SInv    .            (no boots)
Will    .....        A - amulet of magic regeneration
Stlth   ++           (no ring)
HPRegen 0.24/turn    (no ring)
MPRegen 0.55/turn

%: no passive effects
@: no status effects
A: no striking features
a: Renounce Religion


You were on level 2 of the Dungeon.
You worshipped Vehumet.
Vehumet was aware of your devotion.
You visited 1 branch of the dungeon, and saw 5 of its levels.

You collected 215 gold pieces.

Inventory:

Hand Weapons
 a - a +2 vampiric dagger (weapon)
 r - a +0 trident
 s - the +5 rapier of the Hero {heavy, rN+ Dex+3}
   (You found it on level 3 of the Dungeon)

   Dex:       It affects your dexterity (+3).
   rN:        It protects you from negative energy.
Missiles
 C - 4 poisoned darts (quivered)
Armour
 c - a +0 robe (worn)
 d - a +0 buckler (worn)
 l - a +0 pair of gloves (worn)
 m - a +0 helmet (worn)
Jewellery
 A - an amulet of magic regeneration (around neck)
Wands
 i - a wand of roots (9)
Scrolls
 g - 3 scrolls of identify {unknown}
 o - a scroll of enchant armour {unknown}
 p - a scroll of amnesia {unknown}
 q - a scroll of immolation {unknown}
 t - a scroll of fog {unknown}
 u - a scroll of blinking {unknown}
 v - 3 scrolls of enchant weapon {unknown}
 x - a scroll of summoning {unknown}
 y - a scroll of silence {unknown}
 z - a scroll of magic mapping {unknown}
 B - a scroll of fear
Potions
 b - 2 potions of lignification
 e - a potion of ambrosia {unknown}
 f - 2 potions of attraction {unknown}
 h - a potion of heal wounds {unknown}
 j - 3 potions of curing {unknown}
 k - a potion of haste {unknown}
 n - a potion of mutation {unknown}
 w - 3 potions of brilliance {unknown}


   Skills:
 + Level 1.0 Short Blades
 * Level 1.6 Dodging
 + Level 1.8 Stealth
 + Level 1.5 Shields
 * Level 6.7 Spellcasting
 + Level 1.0 Conjurations
 * Level 3.1 Necromancy
 + Level 2.8 Translocations
 + Level 1.0 Invocations


You had 7 spell levels left.
You knew the following spells:

 Your Spells              Type           Power      Damage    Failure   Level
a - Magic Dart            Conj           40%        1d5       10%         1
b - Blink                 Tloc           34%        N/A       7%          2
d - Vampiric Draining     Necr           19%        2d7       12%         3
p - Apportation           Tloc           34%        N/A       4%          1
t - Teleport Other        Tloc           17%        N/A       14%         3

Your spell library contained the following spells:

 Spells                   Type           Power      Damage    Failure   Level
 Kiss of Death            Conj/Necr      60%        2d10      6%          1
 Lesser Beckoning         Tloc           34%        N/A       7%          2
 Gell's Gravitas          Tloc           17%        N/A       14%         3
 Ignite Poison            Fire/Tmut/Pois 6%         N/A       38%         3
 Spider Form              Tmut/Pois      6%         N/A       38%         3
 Cause Fear               Hex            3%         N/A       80%         4
 Summon Mana Viper        Hex/Summ       6%         N/A       98%         5


Dungeon Overview and Level Annotations

Branches:
Dungeon (5/15)
 Temple: D:4-7

Altars:
Dithmenos
Hepliaklqana
Okawaru
Qazlal
Trog
Vehumet
Zin
The Shining One

Shops:
D:2 =   D:4 (


Message History

You feel life coursing into your body.
The black bear goes berserk!
Casting: Vampiric Draining (quite dangerous; 12% risk of failure)
Confirm with . or Enter, or press ? or * to list all spells.
You blink.
Throw: 6 darts (poison)
Press: ? - help, Q - select action, (/) - cycle Shift-Dir - straight line, f/p - black bear
Aim: a black bear (severely wounded, berserk, 62% to hit)
You throw a poisoned dart. The poisoned dart hits the black bear.
The black bear is severely wounded.
Throw: 5 darts (poison)
Press: ? - help, Q - select action, (/) - cycle Shift-Dir - straight line, f/p - black bear
Aim: a black bear (severely wounded, berserk, 62% to hit)
You throw a poisoned dart. The poisoned dart hits the black bear.
The black bear is poisoned.
The black bear is severely wounded.
Casting: Blink (safe; 7% risk of failure)
Confirm with . or Enter, or press ? or * to list all spells.
You are still too unstable to blink.
Unknown command.
You hit the black bear but do no damage.
The black bear is severely wounded.
The black bear bites you! You block the black bear's attack.
The black bear claws you but does no damage.
The black bear bites you but does no damage.
The black bear barely misses you. The black bear claws you.
Casting: Blink (safe; 7% risk of failure)
Confirm with . or Enter, or press ? or * to list all spells.
The spell is quite dangerous to miscast (12% risk of failure)!
Continue anyway?
Aiming: Vampiric Draining (quite dangerous; 12% risk of failure)
Press: ? - help, Shift-Dir - straight line, f/p - black bear
Aim: a black bear (severely wounded, berserk, poisoned)
You draw life force from the black bear.
You feel life coursing into your body.
You feel stable enough to blink again. The black bear bites you!
* * * LOW HITPOINT WARNING * * *
The black bear claws you.
* * * LOW HITPOINT WARNING * * *
The black bear claws you.
You die...

#.#..# #.# ##
#######....#####.## #
..................# #
#######.#...####..# #
#.##........# # #.##..#####.# #
#.##..#####.### #
######.##<.........# #
#......##(.(.(h@.).# ########
#.####.##.######.#.####.........
#.......#.(...h.........########
##.#####.########.#.####
...#8.8#....# #.#.#
8###.).###8.#####.# #
.'..._...'....)...# #.#
8###...###8.#.##### #.#
...#8.8#......# #.#


You could see a black bear (berserk, poisoned).

Vanquished Creatures
  A hound (D:3)
  2 iguanas
  4 gnolls
  5 adders
  A worm (D:4)
  2 dart slugs
  7 orcs
  6 ball pythons
  4 endoplasms
  8 goblins
  4 hobgoblins
  A quokka (D:1)
  4 bats
  4 frilled lizards
  5 kobolds
  A rat (D:2)
59 creatures vanquished.

Notes
Turn   | Place    | Note
-------+----------+-------------------------------------------
     0 | D:1      | Esekla the Deep Elf Wanderer began the quest for the Orb.
     0 | D:1      | Esekla set off with the following items: a +0 club, a
                  | potion of lignification, a +0 robe, a +0 buckler; and the
                  | following spells available to memorise: Apportation, Blink,
                  | Lesser Beckoning, Magic Dart, Ignite Poison, Vampiric
                  | Draining.
     0 | D:1      | Reached XP level 1. HP: 10/10 MP: 7/7
     2 | D:1      | Learned a level 1 spell: Magic Dart
     4 | D:1      | Learned a level 1 spell: Apportation
   253 | D:2      | Found Renulab's Jewellery Shop.
   691 | D:4      | Found a radiant altar of Vehumet.
   702 | D:4      | Found an iron altar of Okawaru.
   710 | D:4      | Found a glowing silver altar of Zin.
   792 | D:4      | Became a worshipper of Vehumet
   918 | D:3      | Reached XP level 2. HP: 8/15 MP: 9/9
   921 | D:3      | Learned a level 2 spell: Blink
  1219 | D:3      | Identified the +5 rapier of the Hero {heavy, rN+ Dex+3}
                  | (You found it on level 3 of the Dungeon)
  1231 | D:2      | Reached skill level 1 in Dodging
  1340 | D:1      | Reached skill level 1 in Necromancy
  1380 | D:1      | Reached skill level 5 in Spellcasting
  1380 | D:1      | Reached XP level 3. HP: 16/19 MP: 7/11
  1385 | D:1      | Learned a level 3 spell: Vampiric Draining
  1418 | D:1      | Reached * piety under Vehumet
  1418 | D:1      | Offered knowledge of Kiss of Death by Vehumet.
  1477 | D:1      | Learned a level 3 spell: Teleport Other
  2242 | D:3      | Found a stormy altar of Qazlal.
  2269 | D:3      | Reached XP level 4. HP: 20/24 MP: 13/13
  2326 | D:3      | Found a bloodstained altar of Trog.
  2329 | D:3      | Found a hazy altar of Hepliaklqana.
  2469 | D:4      | Found Ponaysk's Antique Weapon Boutique.
  2692 | D:4      | Reached skill level 6 in Spellcasting
  2713 | D:4      | Found a glowing golden altar of the Shining One.
  2766 | D:4      | Reached XP level 5. HP: 28/28 MP: 6/15
  2845 | D:5      | Entered Level 5 of the Dungeon
  2848 | D:5      | Got the Parchment of the Lumpy Olives
  2864 | D:5      | Found a shadowy altar of Dithmenos.
  3026 | D:5      | Reached skill level 1 in Short Blades
  3026 | D:5      | Reached skill level 1 in Conjurations
  3314 | D:2      | Noticed a black bear
  3339 | D:2      | Found a faded altar of an unknown god.
  3438 | D:2      | Slain by a black bear

Illustrated notes

Levels and vault maps discovered:
D:1:      sevenhm_arrival_forest_fort_small_3, layout_rooms,
          chequers_serial_rivers_room_b, minmay_misc_feat_five
D:2:      layout_loops_ring, dreamdust_ecumenical_altar_angels_and_demons,
          serial_shops, shop
D:3:      layout_basic, grunt_temple_overflow_open, minmay_misc_feat_iff
D:4:      layout_basic, nicolae_overflow_quartered_altars, serial_shops,
          nicolae_diamond_shop
D:5:      layout_loops_ring, lemuel_doored_altar, minmay_misc_feat_rows,
          dreamdust_wishing_well

Skill      XL: |  1  2  3  4  5 |
---------------+----------------+-----
Dodging        | 1 |  1.6
Necromancy     | 1 2 3 |  3.1
Spellcasting   | 5 6 |  6.7
Short Blades   | 1 |  1.0
Conjurations   | 1 |  1.0
Stealth        | |  1.8
Shields        | |  1.5
Translocations | |  2.8
Invocations    | |  1.0

Action                     |  1- 3 |  4- 6 || total
---------------------------+-------+-------++-------
  Melee: Short sword       |    83 |    31 ||   114
         Dagger            |       |    24 ||    24
         Rapier            |       |     2 ||     2
  Throw: Dart              |       |     5 ||     5
   Cast: Apportation       |    32 |    14 ||    46
         Magic Dart        |    53 |    19 ||    72
         Vampiric Draining |     1 |    14 ||    15
         Blink             |       |     1 ||     1
    Use: Scroll            |     1 |       ||     1
   Stab: Sleeping          |     4 |     2 ||     6
 Armour: Robe              |    25 |    22 ||    47
  Dodge: Dodged            |    51 |    30 ||    81
  Block: Buckler           |    13 |     5 ||    18
